 Dungeon Crawl Stone Soup version 0.31-a0-702-gf82c85558f (webtiles) character file.

Game seed: 13347325048928019962

2315 qw the Skirmisher (level 9, -5/57 HPs)
             Began as a Gargoyle Hunter on Sept 8, 2023.
             Was an Initiate of Okawaru.
             Killed from afar by Dowan (27 damage)
             ... with a shard of ice
             ... on level 7 of the Dungeon.
             The game lasted 00:02:16 (4955 turns).

qw the Skirmisher (Gargoyle Hunter)                 Turns: 4955, Time: 00:02:17

Health: -5/57      AC: 21    Str: 14    XL:     9   Next: 41%
Magic:  11/12      EV: 16    Int: 11    God:    Okawaru [......]
Gold:   300        SH:  0    Dex: 17    Spells: 8/8 levels left

rFire   . . .        Y - +0 orcbow
rCold   . . .        (shield currently unavailable)
rNeg    + . .        n - +3 leather armour
rPois   inf          e - +2 hat
rElec   +            a - +0 cloak
rCorr   .            (no gloves)
SInv    +            i - +0 pair of boots
Will    .....        (no amulet)
Stlth   +++          l - +4 ring of protection
HPRegen 0.29/turn    b - ring of see invisible
MPRegen 0.13/turn

%: no passive effects
@: heroic
A: sickness immunity, AC +6, negative energy resistance 1, electricity
resistance, torment resistance 1, petrification resistance
a: Renounce Religion


You were on level 7 of the Dungeon.
You worshipped Okawaru.
Okawaru was noncommittal.
You visited 2 branches of the dungeon, and saw 8 of its levels.

You collected 300 gold pieces.


Innate Abilities, Weirdness & Mutations

You are immune to sickness and miasma.
Your stone body is resilient. (AC +6)
You are immune to poison.
You resist negative energy. (rN+)
You are resistant to electric shocks. (rElec)
You are resistant to unholy torment.
You are immune to petrification.


   Skills:
 - Level 7.0(12.0) Fighting
 + Level 10.0(15.0) Ranged Weapons
 - Level 2.0(7.0) Armour
 - Level 3.0(8.0) Dodging
 - Level 1.1(6.1) Stealth
 - Level 4.0 Invocations


You had 8 spell levels left.
You didn't know any spells.
Your spell library was empty.

Inventory:

Hand Weapons
 Y - a +0 orcbow (weapon)
Armour
 a - a +0 cloak (worn)
 e - a +2 hat (worn)
 i - a +0 pair of boots (worn)
 n - a +3 leather armour (worn)
Jewellery
 b - a ring of see invisible (right hand)
 f - a ring of ice
 l - a +4 ring of protection (left hand)
 o - a +6 ring of strength
 q - a ring of fire
Scrolls
 c - a scroll of identify
 m - a scroll of teleportation
Potions
 g - 2 potions of curing
 j - a potion of magic
 k - a potion of enlightenment
 r - a potion of lignification {unknown}

Dungeon Overview and Level Annotations

Branches:
Dungeon (7/15)             Temple (1/1) D:4

Altars:
Ashenzari
Cheibriados
Dithmenos
Elyvilon
Fedhas
Gozag
Hepliaklqana
Kikubaaqudgha
Makhleb
Nemelex Xobeh
Okawaru
Qazlal
Ru
Sif Muna
Trog
Uskayaw
Vehumet
Wu Jian
Yredelemnul
Zin
The Shining One

Portals:
Abyss: D:4

Annotations:
D:4 2 transporters, qw's ghost, amateur GrHu
D:7 Dowan


Message History

4946 |||
Found retreat position at 1,0 (wight; floor) with 0 blocking monsters and 1 monsters attacking at destination at distance 1 You shoot an arrow.
The arrow hits the wight.
The wight is severely damaged.
Duvessa hits you but does no damage. The wight hits you but does no damage.
4947 |||
Found retreat position at 1,0 (wight; floor) with 0 blocking monsters and 1 monsters attacking at destination at distance 1 You shoot an arrow.
The arrow closely misses the wight.
Duvessa hits you but does no damage. The wight hits you but does no damage.
4948 |||
Found retreat position at 1,0 (wight; floor) with 0 blocking monsters and 1 monsters attacking at destination at distance 1 You shoot an arrow.
The arrow barely misses the wight.
4949 |||
Found retreat position at 1,0 (wight; floor) with 0 blocking monsters and 1 monsters attacking at destination at distance 1 You shoot an arrow.
The arrow hits the wight!
You destroy the wight!
Okawaru accepts your kill. Duvessa barely misses you.
A sleepcap comes into view.
You shoot an arrow. The arrow hits Duvessa!!
Duvessa is heavily wounded.
Duvessa closely misses you.
You shoot an arrow. The arrow barely misses Duvessa.
The arrow hits Dowan!
Dowan is heavily wounded.
Duvessa closely misses you.
You shoot an arrow. The arrow hits Duvessa!!
You kill Duvessa!
Okawaru accepts your kill.
Dowan's eyes darken. "You have made a grave mistake."
Dowan seems to find hidden reserves of power!
Your base Fighting skill increases to level 7!
You shoot an arrow. The arrow hits Dowan!
Dowan is almost dead.
Dowan says, "Her death will not be in vain!"
Dowan hits you but does no damage.
You shoot an arrow. The arrow barely misses Dowan.
The arrow hits the sleepcap but does no damage.
Dowan hits you but does no damage.
You shoot an arrow. The arrow closely misses Dowan.
The arrow hits the sleepcap.
The sleepcap is lightly damaged.
Dowan hits you but does no damage.
Dowan points at you and mumbles some strange words.
The shard of ice hits you!!
You die...

. .. .# .. .#
#.######..# ##
#...fe@)..# #.
########.###.#(##
# #..T<# ####.#
#.# #.# #.# #.#
#..


You could see a sleepcap and Dowan (fast).

Vanquished Creatures
  Sigmund (D:4)
  A steam dragon (D:6)
  2 water moccasins
  Duvessa (D:7)
  An ice beast (D:5)
  3 black bears
  An ogre (D:4)
  3 centaurs
  A scorpion (D:5)
  4 wights
  3 howler monkeys
  3 hounds
  3 jellies
  2 orc priests
  A gnoll bouda (D:5)
  3 iguanas
  A sleepcap (D:6)
  3 gnolls (D:5)
  10 adders
  A shadow imp (D:6)
  A white imp (D:5)
  3 ufetubi
  3 worms (D:2)
  2 dart slugs
  11 orcs
  8 ball pythons
  5 endoplasms
  3 giant cockroaches
  6 goblins
  6 hobgoblins
  9 jackals
  8 quokkas
  8 bats
  6 frilled lizards
  14 kobolds
  2 rats (D:1)
143 creatures vanquished.

Vanquished Creatures (others)
  A kobold (D:7)
1 creature vanquished.

Grand Total: 144 creatures vanquished

Notes
Turn   | Place    | Note
-------+----------+-------------------------------------------
     0 | D:1      | qw the Gargoyle Hunter began the quest for the Orb.
     0 | D:1      | Reached XP level 1. HP: 12/12 MP: 1/1
     0 | D:1      | 0 ||| qw: Version: 0.3-a-76-g4403597
     0 | D:1      | 0 ||| qw: Game counter: 1138
     0 | D:1      | 0 ||| qw: Melee chars always use a shield: true
     0 | D:1      | 0 ||| qw: God list: Okawaru
     0 | D:1      | 0 ||| qw: Allow faded altars: false
     0 | D:1      | 0 ||| qw: Do Orc after clearing Dungeon:15 true
     0 | D:1      | 0 ||| qw: Do second Lair branch before Depths: true
     0 | D:1      | 0 ||| qw: Lair rune preference: random
     0 | D:1      | 0 ||| qw: Goals: Normal
     0 | D:1      | 0 ||| PLANNING D:1-11
    79 | D:1      | Reached XP level 2. HP: 17/17 MP: 2/2
   307 | D:1      | Reached XP level 3. HP: 21/21 MP: 3/3
   319 | D:1      | Reached skill level 5 in Ranged Weapons
   627 | D:1      | 627 ||| UPGRADING to +0 ring mail.
   637 | D:1      | 637 ||| DROPPING +0 leather armour.
   638 | D:1      | 638 ||| UPGRADING to +4 ring of protection.
   639 | D:1      | 639 ||| READING scroll labelled ZAENUL CUTT.
   640 | D:1      | 640 ||| READING 2 scrolls labelled REDGHA RYNNUCRA.
   641 | D:1      | 641 ||| READING scroll labelled JAYRPH PAMMUIRGH.
   642 | D:1      | 642 ||| READING scroll labelled DYAK VAUXAO.
   643 | D:1      | 643 ||| DROPPING scroll of butterflies.
   644 | D:1      | 644 ||| DROPPING scroll of fear.
   662 | D:2      | Reached skill level 1 in Armour
   813 | D:2      | Found a faded altar of an unknown god.
   855 | D:2      | Reached skill level 3 in Fighting
   855 | D:2      | Reached XP level 4. HP: 26/28 MP: 4/4
  1314 | D:2      | 1314 ||| UPGRADING to +0 cloak.
  1319 | D:2      | 1319 ||| UPGRADING to ring of see invisible.
  1320 | D:2      | 1320 ||| READING scroll labelled ZIPRINNIGA.
  1321 | D:2      | 1321 ||| READING scroll labelled PAHEC AFIPI.
  1326 | D:2      | 1326 ||| DRINKING 2 sedimented silvery potions.
  1327 | D:2      | 1327 ||| DRINKING 2 green potions.
  1514 | D:3      | Reached XP level 5. HP: 32/32 MP: 5/5
  1963 | D:3      | 1963 ||| UPGRADING to +3 leather armour.
  1973 | D:3      | 1973 ||| DROPPING +0 ring mail.
  1974 | D:3      | 1974 ||| DROPPING ring of resist corrosion.
  1975 | D:3      | 1975 ||| READING scroll labelled POJATE KOUBEOD.
  1976 | D:3      | 1976 ||| DRINKING 2 black potions.
  1977 | D:3      | 1977 ||| READING 2 scrolls of identify.
  1977 | D:3      | 1977 ||| IDENTIFYING dark potion
  1978 | D:3      | 1978 ||| DROPPING potion of degeneration.
  1979 | D:3      | 1979 ||| DROPPING potion of brilliance.
  2047 | D:4      | Noticed a black bear
  2050 | D:4      | Killed a black bear
  2051 | D:4      | Reached skill level 6 in Ranged Weapons
  2128 | D:4      | Reached XP level 6. HP: 37/37 MP: 6/6
  2302 | D:4      | Found a transporter.
  2315 | D:4      | Found a transporter.
  2402 | D:4      | Found a staircase to the Ecumenical Temple.
  2403 | D:4      | 2403 ||| PLANNING TEMPLE
  2403 | D:4      | 2403 ||| DRINKING 2 purple potions.
  2404 | D:4      | 2404 ||| DROPPING potion of invisibility.
  2410 | Temple   | Entered the Ecumenical Temple
  2411 | Temple   | 2411 ||| PLANNING OKAWARU WORSHIP
  2427 | Temple   | Became a worshipper of Warmaster Okawaru
  2428 | Temple   | 2428 ||| PLANNING D:1-11
  2519 | D:4      | Reached skill level 7 in Ranged Weapons
  2519 | D:4      | Reached XP level 7. HP: 35/43 MP: 7/7
  2562 | D:4      | Noticed Sigmund
  2566 | D:4      | Killed Sigmund
  2566 | D:4      | Reached * piety under Okawaru
  2567 | D:4      | Reached skill level 3 in Dodging
  2598 | D:4      | Noticed a small abomination
  2599 | D:4      | Found a one-way gate to the infinite horrors of the Abyss.
  2599 | D:4      | Noticed qw's ghost (amateur GrHu)
  2602 | D:4      | Noticed a small abomination
  2773 | D:5      | Entered Level 5 of the Dungeon
  2793 | D:5      | Reached skill level 1 in Invocations
  2987 | D:5      | Reached XP level 8. HP: 36/48 MP: 8/10
  3074 | D:5      | Reached skill level 8 in Ranged Weapons
  3074 | D:5      | Reached skill level 3 in Invocations
  3092 | D:5      | 3092 ||| INVOKING Heroism.
  3222 | D:5      | 3222 ||| INVOKING Heroism.
  3227 | D:5      | 3227 ||| Stepping ~*~*~tactically~*~*~ (retreating).
  3228 | D:5      | 3228 ||| RETREATING.
  3229 | D:5      | 3229 ||| Stepping ~*~*~tactically~*~*~ (outnumbered).
  3230 | D:5      | 3230 ||| Stepping ~*~*~tactically~*~*~ (outnumbered).
  3307 | D:5      | 3307 ||| INVOKING Heroism.
  3309 | D:5      | Identified the +4 short sword of Bloodstone {spect, rF+
                  | Str+7 Int+4 Dex-2}
  3497 | D:5      | 3497 ||| UPGRADING to +2 hat.
  3502 | D:5      | 3502 ||| UPGRADING to +0 pair of boots.
  3507 | D:5      | 3507 ||| READING scroll labelled DIWKISEQOC.
  3508 | D:5      | 3508 ||| READING 3 scrolls of identify.
  3508 | D:5      | 3508 ||| IDENTIFYING bubbling blue potion
  3538 | D:6      | 3538 ||| PLANNING SEWER
  3541 | D:6      | 3541 ||| STAIRDANCE
  3563 | D:6      | 3563 ||| STAIRDANCE
  3606 | D:6      | 3606 ||| SWAPPING to +0 orcbow.
  3607 | D:6      | 3607 ||| DROPPING +0 heavy shortbow.
  3648 | D:6      | 3648 ||| Stepping ~*~*~tactically~*~*~ (cloud).
  3650 | D:6      | 3650 ||| INVOKING Heroism.
  3657 | D:6      | Reached skill level 9 in Ranged Weapons
  3841 | D:6      | 3841 ||| INVOKING Heroism.
  4051 | D:6      | Reached skill level 6 in Fighting
  4198 | D:6      | 4198 ||| INVOKING Heroism.
  4264 | D:6      | Found a glowing drain.
  4268 | D:6      | 4268 ||| RIP SEWER
  4268 | D:6      | 4268 ||| PLANNING D:1-11
  4294 | D:6      | 4294 ||| INVOKING Heroism.
  4298 | D:6      | Reached XP level 9. HP: 55/55 MP: 9/12
  4402 | D:6      | 4402 ||| INVOKING Heroism.
  4593 | D:6      | 4593 ||| READING 2 scrolls labelled VUBETE CUSSU.
  4594 | D:6      | 4594 ||| READING scroll labelled OKKEUPHUYGG.
  4695 | D:6      | 4695 ||| READING 2 scrolls of identify.
  4695 | D:6      | 4695 ||| IDENTIFYING silvery potion
  4696 | D:6      | 4696 ||| DROPPING scroll of blinking.
  4724 | D:7      | 4724 ||| STAIRDANCE
  4736 | D:7      | 4736 ||| STAIRDANCE
  4754 | D:7      | 4754 ||| STAIRDANCE
  4760 | D:6      | 4760 ||| INVOKING Heroism.
  4826 | D:7      | 4826 ||| STAIRDANCE
  4859 | D:7      | 4859 ||| STAIRDANCE
  4867 | D:7      | Noticed a troll
  4868 | D:7      | 4868 ||| STAIRDANCE
  4875 | D:6      | Reached skill level 10 in Ranged Weapons
  4886 | D:7      | 4886 ||| INVOKING Heroism.
  4890 | D:7      | 4890 ||| STAIRDANCE
  4904 | D:7      | 4904 ||| STAIRDANCE
  4926 | D:7      | HP: 7/55 [troll (8)]
  4927 | D:7      | 4927 ||| READING 2 scrolls of teleportation.
  4928 | D:7      | 4928 ||| DRINKING 2 potions of heal wounds.
  4930 | D:7      | 4930 ||| DRINKING potion of heal wounds.
  4937 | D:7      | Noticed Duvessa
  4941 | D:7      | 4941 ||| INVOKING Heroism.
  4943 | D:7      | Noticed Dowan
  4952 | D:7      | Killed Duvessa
  4955 | D:7      | Killed from afar by Dowan

Levels and vault maps discovered:
D:1:      onia_arrival_mini_spirals, layout_basic, minmay_cut_off
D:2:      layout_loops_ring, ebering_ecumenical_altar_petrified,
          supply_closet_lemuel
D:3:      layout_loops_ring
D:4:      layout_loops_cross, minmay_temple_entry_nine_rooms,
          gammafunk_ghost_abyssal_escape, uniq_sigmund
D:5:      layout_gridville, kennysheep_diamond, corexii_leaking_fountain
D:6:      layout_loops_corners, gup_sewer_entry_bubbles,
          nicolae_figureground_sparkle
D:7:      layout_loops_ring, minmay_unpleasant_kobolds, uniq_jeremiah,
          uniq_maggie, uniq_duvessa, uniq_pikel
Temple:   mainiacjoe_temple_circle_huts

Skill      XL: |  1  2  3  4  5  6  7  8  9 |
---------------+----------------------------+-----
Ranged Weapons | 5 6 7 9 10 | 10.0
Armour         | 1 2 |  2.0
Fighting       | 3 4 6 7 |  7.0
Dodging        | 3 |  3.0
Invocations    | 2 4 |  4.0
Stealth        | |  1.1

Action                     |  1- 3 |  4- 6 |  7- 9 || total
---------------------------+-------+-------+-------++-------
   Fire: Shortbow          |   104 |   168 |    95 ||   367
         Orcbow            |       |       |   156 ||   156
 Invoke: Heroism           |       |       |    11 ||    11
    Use: Scroll            |     4 |     4 |     6 ||    14
         Potion            |       |     4 |     2 ||     6
 Armour: Leather armour    |    33 |    35 |   178 ||   246
         Ring mail         |    27 |    74 |       ||   101
  Dodge: Dodged            |    61 |   103 |   157 ||   321

Table legend:
 A = Non-vault XP
 B = Vault XP
 C = Vault XP percentage of total XP
 D = Non-vault monster count
 E = Vault monster count
 F = Vault count percentage of total count
                 A         B        C        D         E       F
            +---------+---------+-------+---------+---------+-------
      Total |    2699 |     609 |  18.4 |     126 |      17 |  11.9
            +---------+---------+-------+---------+---------+-------
        D:1 |      35 |       5 |  12.5 |      20 |       3 |  13.0
        D:2 |      99 |       0 |   0.0 |      24 |       0 |   0.0
        D:3 |      46 |       0 |   0.0 |      21 |       0 |   0.0
        D:4 |     444 |     231 |  34.2 |      20 |       1 |   4.8
        D:5 |     624 |     199 |  24.2 |      18 |       3 |  14.3
        D:6 |    1303 |      25 |   1.9 |      21 |       8 |  27.6
        D:7 |     148 |     149 |  50.2 |       2 |       2 |  50.0
            +---------+---------+-------+---------+---------+-------
